 Dungeon Crawl Stone Soup version 0.23.0 (webtiles) character file.

Game seed: 14763559744420349657

116 sighowe the Charlatan (level 4, -5/24 HPs)
             Began as a Spriggan Artificer on Feb 11, 2019.
             Was an Initiate of Sif Muna.
             Slain by a wyvern zombie (12 damage)
             ... on level 4 of the Dungeon on Feb 12, 2019.
             The game lasted 00:13:28 (3149 turns).

sighowe the Charlatan (Spriggan Artificer)          Turns: 3149, Time: 00:13:28

Health: -5/24      AC:  4    Str:  6 (8)  XL:     4   Next: 70%
Magic:  8/8        EV: 18    Int: 11 (12) God:    Sif Muna [......]
Gold:   73         SH:  0    Dex: 14 (17) Spells: 6/6 levels left

rFire    . . .     SeeInvis +   t - +1 dagger (holy)
rCold    . . .     Gourm    .   (shield restricted)
rNeg     . . .     Faith    .   b - +1 robe
rPois    .         Spirit   .   (helmet restricted)
rElec    .         Reflect  .   l - +0 cloak
rCorr    .         Harm     .   (gloves unavailable)
MR       .....                  (boots unavailable)
Stlth    ++........             (no amulet)
HPRegen  0.08/turn              (no ring)
MPRegen  0.11/turn              (no ring)

@: very quick
A: very small, unfitting armour, claws 1, talons 1, see invisible, herbivore,
speed 3, robust 1, slow metabolism 2
a: Renounce Religion


You were on level 4 of the Dungeon.
You worshipped Sif Muna.
Sif Muna was noncommittal.
You were not hungry.

You visited 2 branches of the dungeon, and saw 5 of its levels.

You collected 73 gold pieces.

Inventory:

Hand Weapons
 a - a +0 short sword
 t - a +1 dagger of holy wrath (weapon)
Missiles
 h - 74 stones (quivered)
 q - 15 poisoned needles
Armour
 b - a +1 robe (worn)
 l - a +0 cloak (worn)
Jewellery
 y - a cursed amulet of inaccuracy {unknown}
Wands
 c - a wand of flame (13)
 d - a wand of enslavement (15)
 e - a wand of random effects (13)
Scrolls
 i - a scroll of identify
 m - 3 scrolls of remove curse
 o - a scroll of enchant weapon
 v - a scroll of random uselessness {unknown}
 x - a scroll of fog {unknown}
Potions
 k - a potion of brilliance
Comestibles
 f - 4 rations


   Skills:
 + Level 1.1 Fighting
 + Level 2.4 Short Blades
 * Level 1.3 Throwing
 * Level 1.0 Armour
 + Level 3.4 Dodging
 * Level 2.6 Stealth
 * Level 1.7 Spellcasting
 + Level 4.4 Evocations


You had 6 spell levels left.
You didn't know any spells.
Your spell library was empty.

Dungeon Overview and Level Annotations

Branches:
Dungeon (4/15)             Temple (1/1) D:4

Altars:
Elyvilon
Fedhas
Makhleb
Nemelex Xobeh
Qazlal
Sif Muna
Trog
Xom


Innate Abilities, Weirdness & Mutations

You are very small and have problems with some larger weapons.
You are too small for most types of armour.
You have supernaturally acute eyesight. (SInv)
You are a herbivore.
You cover ground extremely quickly.
You need to consume almost no food.
You have sharp fingernails.
You have sharp toenails.
You are robust. (+10% HP)


Message History

Found a shimmering altar of Xom.
Found a sparkling altar of Nemelex Xobeh.
There is a burning altar of Makhleb here.
Found a white marble altar of Elyvilon.
There is a deep blue altar of Sif Muna here.
You kneel at the altar of Sif Muna.
Sif Muna welcomes you!
(D) Dungeon (T) Temple
Where to? (Enter - D:3, ? - help)
There is a staircase back to the Dungeon here.
You climb upwards.
Welcome back to the Dungeon!
The wyvern zombie barely misses you. The worker ant completely misses you.
The wyvern zombie bites you!
Ouch! That really hurt!
The worker ant bites you.
* * * LOW HITPOINT WARNING * * *
There is a staircase to the Ecumenical Temple, spattered with blood here.
The frilled lizard closely misses you. The wyvern zombie bites you!
Ouch! That really hurt!
You die...

,,,*,,,,,,,,,,,,,,,,,,,,#........
****,,,,,,,,,,.....,,,,,#....####
,,,,,,,,,***,,#...*,,,..#....#,,,
,,,,,,,,,*,,,*#.8.#*,,..#....#,,,
,,,,,,,,,+,,**,....#*...#....#,,,
,,,,,,,,,*,**,,#.#..##..#....+,,,
,,,,,,,,,#,,,,##.##.....######,,,
*********#...##.Za##...........**
,,,,*,,,,..8..?.@la..8.........#,
,,,,*,,,,....##...##o....o.?...#,
,,,,+,,,,.,,,,##.##............#,
,,,,*,,,,,,**,,#.#..##a........#,
**********,,**,....##..........**
**,,***,,**,,*#.8.##........#+***
,,,,,+,,,,,*,,#...#...l.....#,,,,
,,,,,*,,,,,*,.......#.......#,,,,
,,,,,*,,,,,*,..######......)+,,,,


You could see 2 worker ants, an orc priest, a wyvern zombie and a frilled
lizard.

Vanquished Creatures
  A bullfrog skeleton (D:2)
  2 adders
  3 dart slugs
  A worm (D:3)
  3 leopard geckos
  2 ball pythons
  5 bats
  A giant cockroach (D:3)
  9 goblins
  6 hobgoblins
  3 jackals (D:1)
  2 quokkas
  4 frilled lizards
  7 kobolds
  7 rats
56 creatures vanquished.

Notes
Turn   | Place    | Note
-------+----------+-------------------------------------------
     0 | D:1      | sighowe the Spriggan Artificer began the quest for the Orb.
     0 | D:1      | Reached XP level 1. HP: 9/9 MP: 4/4
   119 | D:1      | Reached XP level 2. HP: 14/14 MP: 6/6
   466 | D:1      | Reached skill level 1 in Fighting
   958 | D:2      | Reached skill level 1 in Spellcasting
   958 | D:2      | Reached XP level 3. HP: 13/18 MP: 7/7
  1117 | D:2      | Reached skill level 1 in Throwing
  1225 | D:2      | Reached skill level 1 in Armour
  1237 | D:2      | Reached XP level 4. HP: 18/22 MP: 8/8
  2191 | D:3      | Noticed a phantom
  2483 | D:3      | Gained mutation: You are robust. (+10% HP) [potion of
                  | mutation]
  2483 | D:3      | Gained mutation: You have sharp toenails. [potion of
                  | mutation]
  2483 | D:3      | Gained mutation: You have sharp fingernails. [potion of
                  | mutation]
  2902 | D:4      | Found a burning altar of Makhleb.
  2902 | D:4      | Noticed a green death
  2905 | D:4      | Noticed a smoke demon
  2905 | D:4      | Noticed an orange demon
  2942 | D:4      | Found a staircase to the Ecumenical Temple.
  2948 | Temple   | Entered the Ecumenical Temple
  3141 | Temple   | Became a worshipper of Sif Muna the Loreminder
  3149 | D:4      | Slain by a wyvern zombie

Skill      XL: |  1  2  3 |
---------------+----------+-----
Fighting       | 1 |  1.1
Short Blades   | 2 |  2.4
Stealth        | 2 |  2.6
Spellcasting   | 1 |  1.7
Throwing       | 1 |  1.3
Armour         | 1 |  1.0
Dodging        | |  3.4
Evocations     | |  4.4

Action                   |  1- 3 |  4- 6 || total
-------------------------+-------+-------++-------
Melee: Short sword       |    81 |    22 ||   103
       Dagger            |       |   175 ||   175
       Kick              |       |    12 ||    12
Throw: Stone             |    38 |     6 ||    44
Evoke: Wand              |     4 |       ||     4
  Use: Scroll            |       |     6 ||     6
       Potion            |       |     5 ||     5
 Stab: Sleeping          |     2 |     3 ||     5
Armor: Robe              |     8 |    18 ||    26
Dodge: Dodged            |    75 |   193 ||   268
